[Event "Team 45 45 League T38"]
[Site "Internet Chess Club"]
[Date "2008.08.12"]
[Round "3"]
[White "DFME"]
[Black "JoshRom"]
[Result "0-1"]
[WhiteElo "1712"]
[BlackElo "2021"]
[Opening "Sicilian: dragon variation"]
[ECO "B70"]
[Time "14:02:43"]
[TimeControl "2700+45"]

1. e4 c5 2. Nf3 d6 3. d4 cxd4 4. Nxd4 Nf6 5. Nc3 g6 6. Bb5+ Bd7 7. O-O Bg7 8.
Re1 O-O 9. Bxd7 Nbxd7 10. Bg5 Qb6 11. Nb3 h6 12. Be3 Qd8 13. f3 a6 14. Qe2 Kh7
15. Rad1 b5 16. a3 Qc7 17. Bd4 Rac8 18. f4 e5 19. fxe5 Nxe5 20. Bxe5 dxe5 21.
Rd2 h5 22. Red1 Bh6 23. Rd3 Ng4 24. Rf1 Qa7+ 25. Kh1 Ne3 26. Rf3 Nc4 27. Nd5
Nxb2 28. Nf6+ Kh8 29. Rd5 Nc4 30. Nd7 Rfd8 31. Rxf7 Rf8 32. Rxf8+ Bxf8 33. Nxe5
Nxe5 34. Rxe5 Qc7 35. Rg5 Qxc2 36. Qxc2 Rxc2 37. g4 hxg4 38. Rxg4 Rc3 39. Nd4
Bc5 40. Ne6 Rc1+ 41. Kg2 Rg1+ 42. Kh3 Rxg4 43. Kxg4 Bxa3 44. h4 Be7 45. h5 gxh5+
46. Kxh5 b4 47. Nd4 a5 {White resigns} 0-1

[Event "Team 45 45 League T38"]
[Site "Internet Chess Club"]
[Date "2008.08.08"]
[Round "3"]
[White "mcplayerus"]
[Black "Ehab"]
[Result "1-0"]
[WhiteElo "2143"]
[BlackElo "1816"]
[Opening "QGD: semi-Slav"]
[ECO "D10"]
[Time "15:00:19"]
[TimeControl "2700+45"]

1. d4 d5 2. c4 c6 3. Nc3 e6 4. Nf3 a6 5. e3 f5 6. Be2 Nf6 7. O-O Bd6 8. Ne5 O-O
9. f4 Bd7 10. Bd2 Be8 11. Na4 Nbd7 12. Nxd7 Nxd7 13. g4 b5 14. cxb5 axb5 15. Nc3
g5 16. gxf5 exf5 17. Be1 Kh8 18. Bg3 Rg8 19. Kh1 g4 20. Qc2 Bg6 21. Nd1 Rc8 22.
Nf2 h5 23. Nd3 h4 24. Be1 Qe7 25. Ne5 Bxe5 26. dxe5 Qh7 27. Bc3 b4 28. e6+ bxc3
29. Qxc3+ Qg7 30. exd7 Rc7 31. Rfc1 Kh7 32. Qxg7+ Rxg7 33. Bb5 Rgxd7 34. Rxc6
Rxc6 35. Bxc6 Rd6 36. Bb5 h3 37. a4 d4 38. Rd1 Bf7 39. Kg1 Re6 40. exd4 Re3 41.
d5 Rb3 42. Rd2 Bxd5 43. Rxd5 Rxb2 44. Rxf5 Rg2+ 45. Kh1 Rf2 46. a5 Rb2 47. Bf1
Rb1 48. Kg1 Ra1 49. a6 Kh6 50. Rg5 Ra4 51. Rxg4 Kh5 52. Rg8 {Black resigns} 1-0

[Event "Team 45 45 League T38"]
[Site "Internet Chess Club"]
[Date "2008.08.08"]
[Round "3"]
[White "Kingofknights"]
[Black "charles-allen"]
[Result "0-1"]
[WhiteElo "1740"]
[BlackElo "1840"]
[Opening "QGD semi-Slav: 5...Nd7"]
[ECO "D45"]
[Time "20:54:23"]
[TimeControl "2700+45"]

1. d4 d5 2. c4 c6 3. Nf3 Nf6 4. Nc3 e6 5. e3 Nbd7 6. cxd5 exd5 7. Bd3 Bd6 8. Bd2
O-O 9. O-O Re8 10. Qc2 Nf8 11. h3 Ng6 12. Rfc1 Qe7 13. a3 Ne4 14. Bxe4 dxe4 15.
Nh2 Qh4 16. Be1 Bxh3 17. f4 Qh5 18. gxh3 Qxh3 19. Qf2 Re6 20. Qg3 Nxf4 21. Qxh3
Nxh3+ 22. Kg2 Ng5 23. Rc2 Bxh2 24. Kxh2 Rae8 25. Bg3 Nf3+ 26. Kg2 Rg6 27. Kf2 h5
28. Nxe4 Nxd4 29. exd4 Rxe4 30. Bb8 Rf6+ 31. Kg1 a6 32. Rg2 Rg4 33. Rxg4 hxg4
34. Rf1 Rxf1+ 35. Kxf1 Kh7 36. Kf2 Kg6 37. Be5 f6 38. Bd6 Kf5 39. Ke3 g6 40. Bg3
g5 41. Bc7 Kg6 42. Ke4 f5+ 43. Ke3 f4+ 44. Kf2 Kf5 45. Ke2 g3 46. Kf3 g4+ 47.
Kg2 Ke4 48. Be5 c5 49. Bxf4 Kxf4 50. dxc5 Ke4 51. Kxg3 Kd5 52. b4 a5 53. Kxg4
axb4 54. axb4 Kc4 55. Kf3 Kxb4 56. Ke3 Kxc5 57. Kd3 Kb4 58. Kc2 Ka3 59. Kb1 b6
60. Ka1 b5 61. Kb1 b4 62. Ka1 b3 63. Kb1 b2 {White resigns} 0-1

[Event "Team 45 45 League T38"]
[Site "Internet Chess Club"]
[Date "2008.08.12"]
[Round "3"]
[White "girl-brain"]
[Black "nosalt"]
[Result "0-1"]
[WhiteElo "1963"]
[BlackElo "2012"]
[Opening "English, 1...Nf6 (Anglo-Indian defense)"]
[ECO "A15"]
[Time "17:30:13"]
[TimeControl "2700+45"]

1. c4 Nf6 2. g3 g6 3. Bg2 Bg7 4. Nc3 e5 5. e4 O-O 6. Nge2 Nc6 7. O-O d6 8. h3
Be6 9. d3 Qd7 10. Kh2 Ne8 11. f4 f5 12. exf5 gxf5 13. Nd5 Nd8 14. fxe5 dxe5 15.
Be3 c6 16. Ndc3 Nf7 17. Qc2 Nf6 18. Rad1 Qc7 19. b3 Rad8 20. d4 e4 21. Nf4 Qc8
22. Nxe6 Qxe6 23. Rf2 Rd7 24. Rdf1 Nh6 25. Ne2 Nhg4+ 26. hxg4 Nxg4+ 27. Kg1 Nxe3
28. Qd2 Nxf1 29. Kxf1 e3 {White resigns} 0-1

[Event "Team 45 45 League T38"]
[Site "Internet Chess Club"]
[Date "2008.08.10"]
[Round "3"]
[White "Holm"]
[Black "proudchess"]
[Result "1-0"]
[WhiteElo "1909"]
[BlackElo "1878"]
[Opening "Sicilian defense"]
[ECO "B41"]
[Time "11:00:10"]
[TimeControl "2700+45"]

1. e4 c5 2. Nf3 e6 3. d4 cxd4 4. Nxd4 Qb6 5. Nb3 Nc6 6. Be3 Qc7 7. Nc3 Nf6 8.
Be2 Bb4 9. f3 Bxc3+ 10. bxc3 d5 11. exd5 Nxd5 12. Bd4 Nxd4 13. cxd4 Ne3 14. Qd2
Nxc2+ 15. Kf2 Nxa1 16. Rxa1 O-O 17. Bd3 f5 18. Re1 Qxh2 19. Bc4 Qh4+ 20. Kg1 b6
21. Nc1 Rf6 22. Qe3 Rh6 23. Nd3 Qg3 24. Nf4 Rh2 25. Bxe6+ Kh8 26. Bxc8 h5 27.
Bxf5 Rxg2+ 28. Nxg2 Rf8 29. Be4 h4 30. Qf2 Qxf2+ 31. Kxf2 g5 32. Ne3 Kg7 33. Ng4
Rd8 34. d5 a5 35. Rc1 b5 36. Rc7+ Kf8 37. Bg6 Rd6 38. Be4 Rd8 39. Rc5 b4 40.
Rxa5 Rd6 41. Rb5 Ra6 42. Rxb4 Rxa2+ 43. Ke3 Ke7 44. Rb6 h3 45. Rh6 Ra3+ 46. Kd4
{Black resigns} 1-0

[Event "Team 45 45 League T38"]
[Site "Internet Chess Club"]
[Date "2008.08.08"]
[Round "3"]
[White "Invicta-Knight"]
[Black "t-hobbes"]
[Result "1-0"]
[WhiteElo "1530"]
[BlackElo "1302"]
[Opening "Center game: Berger variation"]
[ECO "C22"]
[Time "12:06:57"]
[TimeControl "2700+45"]

1. e4 e5 2. d4 exd4 3. Qxd4 Nc6 4. Qe3 Nf6 5. Nc3 Bb4 6. Bd2 O-O 7. O-O-O Re8 8.
Qg3 d5 9. exd5 Nxd5 10. Bg5 f6 11. Bh6 g5 12. Nxd5 Re1 13. Nxf6+ Qxf6 14. Qxg5+
Qxg5+ 15. Bxg5 Rxd1+ 16. Kxd1 Bg4+ 17. f3 Re8 18. c3 Re5 19. Bc4+ Be6 20. Bxe6+
Rxe6 21. cxb4 Nxb4 22. Kd2 Nxa2 23. Ne2 Rd6+ 24. Ke3 Nb4 25. Nc3 Re6+ 26. Ne4
Nd5+ 27. Kf2 Rg6 28. Rd1 Nb6 29. Be3 Nc4 30. Bxa7 Nxb2 31. Rd8+ Kg7 32. Rd7+ Kh6
33. Be3+ Kh5 34. Rxh7+ Rh6 35. Rxh6# {Black checkmated} 1-0

[Event "Team 45 45 League T38"]
[Site "Internet Chess Club"]
[Date "2008.08.10"]
[Round "3"]
[White "Bootsie"]
[Black "houseofcook"]
[Result "0-1"]
[WhiteElo "1227"]
[BlackElo "1457"]
[Opening "French: Steinitz variation"]
[ECO "C11"]
[Time "14:00:17"]
[TimeControl "2700+45"]

1. e4 e6 2. d4 d5 3. Nc3 Nf6 4. e5 Nfd7 5. Nf3 c5 6. Be3 Nc6 7. Be2 cxd4 8. Nxd4
Ndxe5 9. O-O Be7 10. Bb5 Bd7 11. Qh5 a6 12. Nxc6 Nxc6 13. Bxc6 Bxc6 14. Rad1 Bf6
15. Bd4 Qe7 16. Rfe1 Bxd4 17. Rxd4 g6 18. Qe5 Rg8 19. a3 Rd8 20. b4 Qd6 21. Qxd6
Rxd6 22. b5 axb5 23. f4 Rd7 24. Rb1 f5 25. Nxb5 Bxb5 26. Rxb5 g5 27. Kf2 gxf4
28. Kf3 Rdg7 29. Rxf4 Rc7 30. a4 Rc3+ 31. Kf2 Rxc2+ 32. Ke3 Rc3+ 33. Kd2 Rc7 34.
g3 Rg4 35. a5 Rxf4 36. gxf4 Kd7 37. Kd3 Ke7 38. Rb6 Kf6 39. h4 h5 40. Rb3 Ke7
41. Rb6 Kf6 42. Rb3 Ke7 43. Rc3 Rxc3+ 44. Kxc3 Kd6 45. Kd4 Kc6 46. Kc3 Kc5 47.
Kd3 Kb5 48. Kd4 Kxa5 49. Ke5 b5 50. Kd4 b4 51. Kd3 b3 52. Kd2 Ka4 53. Kc1 Ka3
54. Kd2 b2 {White resigns} 0-1

[Event "Team 45 45 League T38"]
[Site "Internet Chess Club"]
[Date "2008.08.08"]
[Round "3"]
[White "rkaebi"]
[Black "kingsrook"]
[Result "1-0"]
[WhiteElo "1426"]
[BlackElo "1206"]
[Opening "Réti: King's Indian attack, French variation"]
[ECO "A05"]
[Time "13:00:11"]
[TimeControl "2700+45"]

1. Nf3 Nf6 2. g3 d5 3. Bg2 e6 4. O-O c5 5. d3 Nc6 6. Nbd2 Be7 7. Re1 O-O 8. e4
d4 9. e5 Nd7 10. a4 a5 11. Nc4 f6 12. exf6 Nxf6 13. Ng5 e5 14. Nxe5 {Black
forfeits on time} 1-0

[Event "Team 45 45 League T38"]
[Site "Internet Chess Club"]
[Date "2008.08.10"]
[Round "3"]
[White "WannaB"]
[Black "therookery"]
[Result "0-1"]
[WhiteElo "1054"]
[BlackElo "1213"]
[Opening "Sicilian: closed"]
[ECO "B23"]
[Time "13:07:04"]
[TimeControl "2700+45"]

1. e4 c5 2. Nc3 e5 3. a3 Nf6 4. Nf3 Nc6 5. Bb5 a6 6. Bxc6 dxc6 7. Nxe5 Qe7 8.
Nf3 Nxe4 9. O-O Nxc3 10. dxc3 Be6 11. Re1 Rd8 12. Qe2 Bg4 13. Qxe7+ Bxe7 14. b4
b6 15. Bb2 Rd6 16. c4 Bxf3 17. gxf3 Rg6+ 18. Kf1 Re6 19. Rxe6 fxe6 20. Re1 O-O
21. Kg2 cxb4 22. a4 Rf5 23. Rxe6 Rg5+ 24. Kf1 Bd8 25. Re8+ Kf7 26. Rxd8 b5 27.
cxb5 cxb5 28. a5 Rc5 29. Rd7+ Ke6 30. Rxg7 Rxc2 31. Bd4 b3 32. Rxh7 b2 33. Rh6+
Kd5 34. Bxb2 Rxb2 35. Rxa6 b4 36. Ra8 Kc5 37. h4 b3 38. h5 Ra2 39. h6 b2 40.
Rc8+ Kb5 41. h7 b1=Q+ 42. Kg2 Qg6+ 43. Kf1 Qxh7 44. Rb8+ Kc5 45. Rc8+ Kb5 46.
Rb8+ Ka4 47. a6 Qh1# {White checkmated} 0-1

[Event "Team 45 45 League T38"]
[Site "Internet Chess Club"]
[Date "2008.08.08"]
[Round "3"]
[White "AlPearson"]
[Black "LAJ"]
[Result "0-1"]
[WhiteElo "1432"]
[BlackElo "1704"]
[Opening "English opening"]
[ECO "A10"]
[Time "10:01:53"]
[TimeControl "2700+45"]

1. c4 Nc6 2. g3 e5 3. Bg2 g6 4. d3 Bg7 5. e4 d6 6. Ne2 Nge7 7. O-O h5 8. Nbc3 h4
9. Rb1 Bg4 10. f3 Be6 11. b3 hxg3 12. hxg3 Qd7 13. Be3 O-O-O 14. Kf2 f5 15. Ke1
Rh2 16. Rg1 Rdh8 17. Kf2 fxe4 18. dxe4 Bh3 19. b4 Bh6 20. Qf1 Bxe3+ 21. Kxe3 Be6
22. Nd5 Qe8 23. b5 Na5 24. a4 Nxc4+ 25. Kd3 Nxd5 26. Kxc4 Ne3+ 27. Kd3 Nxf1 28.
Rgxf1 Rxg2 {White resigns} 0-1

[Event "Team 45 45 League T38"]
[Site "Internet Chess Club"]
[Date "2008.08.09"]
[Round "3"]
[White "littleboo"]
[Black "Zyme"]
[Result "0-1"]
[WhiteElo "1466"]
[BlackElo "1409"]
[Opening "French: exchange variation"]
[ECO "C01"]
[Time "21:54:35"]
[TimeControl "2700+45"]

1. e4 e6 2. d4 d5 3. exd5 exd5 4. Nf3 Bd6 5. Nc3 c6 6. Bd3 Ne7 7. O-O Bg4 8. h3
Bf5 9. Bg5 f6 10. Be3 Nd7 11. Nh4 Bxd3 12. Qxd3 Qc7 13. Nf3 O-O-O 14. Rfe1 g5
15. g4 h5 16. Bd2 hxg4 17. hxg4 Rh3 18. Re6 Rdh8 19. Rae1 Rh1+ 20. Kg2 Rxe1 21.
Rxe1 Nf8 22. Rg1 Nfg6 23. Kf1 Rh3 24. Kg2 Rh8 25. Kf1 Bf4 26. Qe2 Rh3 27. Nb1
Qd7 28. Bc3 Nh4 29. Nbd2 Neg6 30. Nxh4 Nxh4 31. Ba5 Ng6 32. c4 dxc4 33. Qxc4 Ne7
34. Qf7 b6 35. Bb4 Nd5 36. Qf8+ Qd8 37. Nb3 Rd3 38. Qxd8+ Kxd8 39. Ba3 Rh3 40.
Ke2 Kd7 41. Re1 Rh2 42. Kf3 Rh8 43. Nc1 Rh3+ 44. Ke4 Rh8 45. Nd3 Rh4 46. Kf5 Rh3
47. Nxf4 Rf3 48. Rh1 Rxf4+ 49. Kg6 Ke6 50. Rh7 Rxg4 51. Rxa7 Rxd4 52. Rh7 Rd2
53. f3 Rf2 54. Rh8 Rxf3 55. Re8+ Kd7 56. Rh8 c5 57. Rh2 Kc6 58. Rh7 Rf4 59. Rf7
g4 60. Kh5 g3 61. Rg7 Rf5+ 62. Kh4 Rg5 63. Rxg5 fxg5+ 64. Kxg3 Nf6 65. Kf3 Kd5
66. b3 Ke5 67. Bb2+ Kf5 68. Bxf6 Kxf6 69. Ke4 g4 70. Kf4 g3 71. Kxg3 Ke5 72. Kf3
Kd4 73. Kf4 Kc3 74. Ke5 Kb2 75. Kd5 Kxa2 76. Kc4 Ka3 77. Kc3 b5 78. Kc2 b4 79.
Kc1 Kxb3 80. Kb1 c4 81. Kc1 Ka2 82. Kc2 b3+ 83. Kc3 b2 {White resigns} 0-1

[Event "Team 45 45 League T38"]
[Site "Internet Chess Club"]
[Date "2008.08.11"]
[Round "3"]
[White "SCUGrad"]
[Black "Fogbound"]
[Result "1-0"]
[WhiteElo "1428"]
[BlackElo "1313"]
[Opening "KP: Nimzovich defense"]
[ECO "B00"]
[Time "05:56:48"]
[TimeControl "2700+45"]

1. e4 Nc6 2. d4 Nf6 3. e5 Nd5 4. c4 Nb6 5. Nc3 e6 6. Nf3 h6 7. d5 Ne7 8. d6 Nf5
9. c5 Nd5 10. Nxd5 c6 11. Ne3 g6 12. b4 b6 13. Ng4 Bg7 14. Bd2 Bb7 15. Bc3 Qc8
16. Qd3 Ba6 17. Qxa6 b5 18. Qxc8+ Rxc8 19. Nd2 Rd8 20. Ne4 h5 21. Ngf6+ Kf8 22.
a4 Bh6 23. axb5 cxb5 24. Rxa7 Kg7 25. Bxb5 Ra8 26. Rxa8 Rxa8 27. O-O Ra2 28. Ra1
Rc2 29. g3 Be3 30. fxe3 Nxe3 31. Bf1 Nd5 32. Be1 h4 33. gxh4 Nf4 34. Nxd7 Ne2+
35. Bxe2 Rxe2 36. Ndf6 Re3 37. d7 Rd3 38. c6 g5 39. hxg5 Kg6 40. c7 Kf5 41. d8=Q
Rh3 42. Ng3+ Rxg3+ 43. Bxg3 Kxg5 44. Qg8+ {Black resigns} 1-0

[Event "Team 45 45 League T38"]
[Site "Internet Chess Club"]
[Date "2008.08.07"]
[Round "3"]
[White "jschneigi"]
[Black "havertown"]
[Result "0-1"]
[WhiteElo "1233"]
[BlackElo "1275"]
[Opening "QGD: 3...Nf6"]
[ECO "D35"]
[Time "21:58:35"]
[TimeControl "2700+45"]

1. d4 Nf6 2. c4 e6 3. Nc3 d5 4. e3 c5 5. Qa4+ Bd7 6. Qb3 Bc6 7. Nf3 Bd6 8. Bd3
O-O 9. dxc5 Bxc5 10. O-O Ne4 11. Bxe4 dxe4 12. Rd1 Qf6 13. Nd4 Bxd4 14. exd4 Qg6
15. d5 exd5 16. cxd5 Bd7 17. g3 b6 18. Be3 Qf6 19. Nxe4 Qe7 20. Ng5 h6 21. Nf3
Bh3 22. Nh4 Nd7 23. Rd4 g5 24. Ng6 fxg6 25. d6+ Qf7 26. Qxf7+ Rxf7 27. f4 Raf8
28. Kf2 Nf6 29. Rc1 Ng4+ 30. Ke2 Nxh2 31. d7 Bxd7 32. Rc7 Bb5+ 33. Rcc4 Bxc4+
34. Rxc4 gxf4 35. Bxf4 g5 36. Be3 Re8 37. Kd3 Rf3 38. Re4 Rxe4 39. Kxe4 Rxg3 40.
a4 Ng4 41. Bd4 h5 42. b4 Rb3 43. b5 Rb4 44. Kf5 Rxd4 45. Kxg5 Rxa4 46. Kxh5 Ne3
47. Kg5 Kf7 48. Kh6 Rg4 49. Kh5 Rg1 50. Kh4 Kf6 51. Kh3 Kf5 52. Kh4 Nc2 53. Kh5
Rh1# {White checkmated} 0-1

[Event "Team 45 45 League T38"]
[Site "Internet Chess Club"]
[Date "2008.08.10"]
[Round "3"]
[White "Ghashgork"]
[Black "cazj"]
[Result "0-1"]
[WhiteElo "1667"]
[BlackElo "1419"]
[Opening "Bird's opening"]
[ECO "A03"]
[Time "15:01:00"]
[TimeControl "2700+45"]

1. f4 d5 2. Nf3 Nc6 3. e3 Bf5 4. a3 f6 5. Bb5 Qd6 6. Nd4 Be4 7. Rg1 e5 8. fxe5
Qxe5 9. g3 Ne7 10. d3 Bg6 11. Nc3 a6 12. Bxc6+ Nxc6 13. Nxc6 bxc6 14. Qg4 Rb8
15. Ne2 Bd6 16. Nf4 Qf5 17. Qxf5 Bxf5 18. b3 Be5 19. Rb1 Bd6 20. a4 O-O 21. Kf2
Rfe8 22. Bd2 Bg4 23. Rge1 Re7 24. Ne2 Rbe8 25. Nd4 Re5 26. Nxc6 Rf5+ 27. Kg2 Kf7
28. Nd4 Rfe5 29. h3 Bd7 30. g4 c5 31. Nf3 R5e6 32. Re2 g6 33. Rbe1 Bc6 34. Kf2
f5 35. Ng5+ Kf6 36. Nxe6 Rxe6 37. Rf1 fxg4 38. Ke1+ Kg5 39. e4+ Kh4 40. exd5
Bxd5 41. Rxe6 Bxe6 42. hxg4 Bxg4 43. Be3 h5 44. Rf6 Bg3+ 45. Kd2 Bf5 46. Rxa6
Kg4 47. Ra8 h4 48. a5 h3 49. a6 h2 50. Rh8 Bh4 51. Bxc5 h1=Q 52. Re8 Bf6 53. a7
Qg2+ 54. Kd1 Bc3 {White resigns} 0-1

[Event "Team 45 45 League T38"]
[Site "Internet Chess Club"]
[Date "2008.08.07"]
[Round "3"]
[White "andrew0311"]
[Black "Mutaant"]
[Result "0-1"]
[WhiteElo "1247"]
[BlackElo "1432"]
[Opening "King's gambit"]
[ECO "C30"]
[Time "15:00:10"]
[TimeControl "2700+45"]

1. e4 e5 2. f4 Nc6 3. fxe5 Nxe5 4. d4 Ng6 5. Nf3 Bb4+ 6. Bd2 Qe7 7. Nc3 Bxc3 8.
Bxc3 Qxe4+ 9. Be2 Nf4 10. Rg1 Ne7 11. Qd2 Ned5 12. g3 Qxe2+ 13. Qxe2+ Nxe2 14.
Kxe2 Nxc3+ 15. bxc3 O-O 16. Kd2 d5 17. Rge1 Bf5 18. Re7 Rac8 19. Rb1 b6 20. Ne5
f6 21. Nc6 a5 22. Na7 Rce8 23. Rxc7 Bg4 24. Kd3 Re6 25. Nc6 Rfe8 26. Rxb6 Re2
27. Rb8 Bf5# {White checkmated} 0-1

[Event "Team 45 45 League T38"]
[Site "Internet Chess Club"]
[Date "2008.08.12"]
[Round "3"]
[White "seldredg"]
[Black "mumu"]
[Result "0-1"]
[WhiteElo "1296"]
[BlackElo "1227"]
[Opening "English: symmetrical, Botvinnik system reversed"]
[ECO "A36"]
[Time "19:58:08"]
[TimeControl "2700+45"]

1. c4 c5 2. g3 g6 3. Bg2 Bg7 4. Nc3 Nc6 5. e3 e5 6. Nge2 Nge7 7. O-O O-O 8. d3
d6 9. a3 a5 10. Bd2 Bf5 11. Nc1 Rb8 12. Nd5 Nxd5 13. Bxd5 Ne7 14. e4 Bd7 15. Bg5
Qe8 16. b4 axb4 17. axb4 Nxd5 18. cxd5 cxb4 19. Qb3 Bh3 20. Re1 f5 21. Qxb4 fxe4
22. dxe4 Qf7 23. Nd3 Qf3 24. Nf4 exf4 {White resigns} 0-1

[Event "Team 45 45 League T38"]
[Site "Internet Chess Club"]
[Date "2008.08.10"]
[Round "3"]
[White "cazc"]
[Black "moreffee"]
[Result "0-1"]
[WhiteElo "1242"]
[BlackElo "1296"]
[Opening "Sicilian"]
[ECO "B50"]
[Time "16:00:11"]
[TimeControl "2700+45"]

1. e4 c5 2. Nf3 d6 3. Nc3 Nf6 4. Bb5+ Bd7 5. Bxd7+ Nbxd7 6. d3 e6 7. Bg5 Be7 8.
O-O O-O 9. a3 a6 10. b4 cxb4 11. axb4 b5 12. Nd4 Rc8 13. Rxa6 Rxc3 14. Nxb5 Rc8
15. Nxd6 Bxd6 16. Rxd6 Qc7 17. Rd4 Qe5 18. Bxf6 Nxf6 19. Qa1 Rxc2 20. Rc4 Qxa1
21. Rxa1 Rxc4 22. dxc4 Nxe4 23. Rb1 Rd8 24. f3 Nc3 25. Rc1 Ne2+ 26. Kf2 Nxc1 27.
b5 Rc8 28. b6 Rxc4 29. b7 Rb4 {White resigns} 0-1

[Event "Team 45 45 League T38"]
[Site "Internet Chess Club"]
[Date "2008.08.11"]
[Round "3"]
[White "knight2f3"]
[Black "Rubacchus"]
[Result "1-0"]
[WhiteElo "1449"]
[BlackElo "1330"]
[Opening "English: symmetrical, Benoni formation"]
[ECO "A31"]
[Time "18:32:24"]
[TimeControl "2700+45"]

1. d4 Nf6 2. Nf3 c5 3. c4 e6 4. g3 g6 5. Bg2 Nc6 6. Nc3 cxd4 7. Nxd4 Bc5 8. Nxc6
bxc6 9. O-O O-O 10. Bg5 Be7 11. e4 d6 12. e5 dxe5 13. Bxc6 Rb8 14. Qc2 Rb6 15.
Bg2 a6 16. Rad1 Rd6 17. c5 Rd4 18. Be3 Rxd1 19. Rxd1 Qa5 20. b4 Qxb4 21. c6 Qc4
22. Rc1 Rd8 23. Bg5 Kg7 24. Qb2 Bd6 25. Ne4 Qb5 26. Qxb5 axb5 27. Bxf6+ Kh6 28.
Bxd8 {Black resigns} 1-0

[Event "Team 45 45 League T38"]
[Site "Internet Chess Club"]
[Date "2008.08.11"]
[Round "3"]
[White "conron"]
[Black "NXS"]
[Result "1-0"]
[WhiteElo "1375"]
[BlackElo "1415"]
[Opening "French: Steinitz variation"]
[ECO "C11"]
[Time "20:01:29"]
[TimeControl "2700+45"]

1. e4 e6 2. d4 d5 3. Nc3 Nf6 4. e5 Nfd7 5. Nf3 c5 6. dxc5 Bxc5 7. Bf4 Qb6 8. Qd2
Bxf2+ 9. Qxf2 Qxb2 10. Rc1 Qxc3+ 11. Bd2 Qc7 12. Qg3 O-O 13. Bh6 Qc3+ 14. Kd1 g6
15. Bxf8 Kxf8 16. Bd3 Nc6 17. Re1 Nb4 18. Ng5 Kg7 19. Qf3 Nxe5 20. Rxe5 Qxe5 21.
Qxf7+ Kh6 22. Qxh7+ Kxg5 23. Qxg6+ Kf4 24. Qg3# {Black checkmated} 1-0

[Event "Team 45 45 League T38"]
[Site "Internet Chess Club"]
[Date "2008.08.10"]
[Round "3"]
[White "gaboonzoom"]
[Black "AtomicDog"]
[Result "0-1"]
[WhiteElo "1405"]
[BlackElo "1425"]
[Opening "Sicilian: Grand Prix attack"]
[ECO "B23"]
[Time "09:00:15"]
[TimeControl "2700+45"]

1. e4 c5 2. Nc3 Nc6 3. f4 g6 4. Nf3 Bg7 5. Be2 e6 6. d3 Nge7 7. Be3 b6 8. Qd2
Nd4 9. O-O-O Nec6 10. g3 b5 11. Bxd4 cxd4 12. Nxb5 d6 13. Rhf1 a5 14. a4 O-O 15.
Rh1 Ba6 16. Na3 Rb8 17. b3 Nb4 18. h4 Na2+ 19. Kb2 Nc3 20. Rdg1 Nxa4+ 21. Ka1
Qb6 22. h5 Qc5 23. Nb1 Nc3 24. Kb2 Rfc8 25. hxg6 Na4+ 26. Kc1 fxg6 27. bxa4 Qb6
28. Na3 Qb2+ 29. Kd1 Qxa3 30. Qxa5 Rb1+ 31. Kd2 Rxc2+ 32. Kxc2 Qb2# {White
checkmated} 0-1

[Event "Team 45 45 League T38"]
[Site "Internet Chess Club"]
[Date "2008.08.13"]
[Round "3"]
[White "Kingangyal"]
[Black "chips"]
[Result "1-0"]
[WhiteElo "1206"]
[BlackElo "1125"]
[Opening "Queen's pawn: English defense"]
[ECO "A40"]
[Time "16:17:24"]
[TimeControl "2700+45"]

1. d4 b6 2. Nf3 Bb7 3. Bf4 d6 4. e3 Nf6 5. h3 Nbd7 6. Be2 g6 7. O-O Bg7 8. c3 a5
9. a4 Nh5 10. Bh2 Nhf6 11. Nbd2 Ba6 12. Re1 Bxe2 13. Qxe2 Qc8 14. e4 Qa6 15. e5
Qxe2 16. Rxe2 Nd5 17. exd6 cxd6 18. Bxd6 Bf6 19. Bg3 O-O 20. Ne5 Nxe5 21. Bxe5
Rfe8 22. Rae1 Bxe5 23. dxe5 e6 24. Ne4 Nf4 25. Nf6+ Kh8 26. Re4 Nd3 27. R1e3 Nc5
28. Rh4 h5 29. Nxe8 Rxe8 30. g4 Kg7 31. gxh5 Rh8 32. Rg3 Nxa4 33. Rxa4 Rxh5 34.
f4 f6 35. exf6+ Kxf6 36. Rc4 Rb5 37. Rg2 Rd5 38. Rd4 Rb5 39. Rd8 Rc5 40. Rf8+
Kg7 41. Rb8 Rc6 42. h4 Kf6 43. Rf8+ Kg7 44. Rd8 Rc4 45. h5 Rxf4 46. Rxg6+ Kh7
47. Rd7+ Kh8 48. Rxe6 Rg4+ 49. Kh2 Rh4+ 50. Kg3 Rxh5 51. Re8# {Black checkmated}
1-0

[Event "Team 45 45 League T38"]
[Site "Internet Chess Club"]
[Date "2008.08.11"]
[Round "3"]
[White "fuzzface"]
[Black "DaMelch"]
[Result "1/2-1/2"]
[WhiteElo "1304"]
[BlackElo "1256"]
[Opening "Queen's pawn game"]
[ECO "A45"]
[Time "19:02:23"]
[TimeControl "2700+45"]

1. d4 Nf6 2. g3 g6 3. Bg2 d5 4. Bg5 Bg7 5. e3 O-O 6. Ne2 c6 7. O-O Qb6 8. b3 Bf5
9. Nd2 Re8 10. Bxf6 Bxf6 11. c4 e6 12. e4 Bg4 13. e5 Bg5 14. f3 Bf5 15. g4 Bd3
16. Re1 Bxe2 17. Rxe2 Qxd4+ 18. Kh1 Bxd2 19. Rxd2 Qxe5 20. Re2 Qg7 21. cxd5 Rd8
22. Rc1 Rxd5 23. Qe1 Nd7 24. f4 Rd6 25. h3 Rd8 26. Qf2 Nb6 27. Bf3 Rd1+ 28. Rxd1
Rxd1+ 29. Kg2 Rd8 30. Qc5 Qf8 31. Qa5 Nc8 32. Qe5 Qd6 33. Qg5 Rf8 34. f5 exf5
35. Rd2 Qe7 36. Qxe7 Nxe7 37. Rd7 fxg4 38. Bxg4 Nf5 39. Rxb7 Ne3+ 40. Kg3 Nxg4
41. hxg4 Rd8 42. Rxa7 Kf8 43. Ra6 Rc8 44. Kf4 Ke7 45. Kg5 Kd6 46. Kh6 f5 47.
gxf5 gxf5 48. Kg5 Rf8 49. Ra4 Ke5 50. Ra5+ Ke6 51. Rc5 Kd6 52. b4 f4 53. Rc1 f3
54. Rf1 f2 55. Kg4 Kd5 56. a4 Kc4 57. a5 Kxb4 58. a6 Ra8 59. Rxf2 Rxa6 60. Rh2
Ra7 61. Kf4 c5 62. Ke3 c4 63. Rh4 Kb3 64. Rh2 c3 65. Kd3 c2 66. Rxc2 h5 67. Rc3+
Kb2 68. Rc2+ Kb3 69. Rc3+ Kb4 70. Rc4+ Kb5 71. Rh4 Rh7 72. Kc3 Kc5 73. Kd3 Kd5
74. Ke3 Ke5 75. Kf3 Kf5 76. Kg3 Kg5 77. Re4 h4+ 78. Kh3 Rh6 79. Rg4+ Kh5 80.
Rxh4+ Kg6 81. Rxh6+ Kxh6 {Game drawn because neither player has mating material}
1/2-1/2

[Event "Team 45 45 League T38"]
[Site "Internet Chess Club"]
[Date "2008.08.11"]
[Round "3"]
[White "jeffk"]
[Black "theartist"]
[Result "0-1"]
[WhiteElo "1213"]
[BlackElo "1273"]
[Opening "French: advance, Milner-Barry gambit"]
[ECO "C02"]
[Time "12:34:43"]
[TimeControl "2700+45"]

1. e4 e6 2. d4 d5 3. e5 c5 4. c3 Nc6 5. Nf3 Qb6 6. Bd3 cxd4 7. cxd4 Bb4+ 8. Nbd2
Bd7 9. a3 Bxd2+ 10. Qxd2 Nxd4 11. Be2 Nb3 12. Qb4 Qxb4+ 13. axb4 Nxa1 14. Be3
Nc2+ 15. Kd1 Nxe3+ 16. fxe3 Ba4+ 17. Ke1 Rc8 {White resigns} 0-1

[Event "Team 45 45 League T38"]
[Site "Internet Chess Club"]
[Date "2008.08.09"]
[Round "3"]
[White "klt713"]
[Black "JimGaming"]
[Result "0-1"]
[WhiteElo "1167"]
[BlackElo "1231"]
[Opening "Nimzo-Indian defense"]
[ECO "E20"]
[Time "14:05:44"]
[TimeControl "2700+45"]

1. d4 Nf6 2. c4 e6 3. Nc3 Bb4 4. Bd2 O-O 5. Nf3 b6 6. e4 Bb7 7. Bd3 Bxc3 8. bxc3
Nxe4 9. Qc2 f5 10. O-O Nxd2 11. Qxd2 Bxf3 12. gxf3 Rf6 13. Qf4 Rg6+ 14. Kh1 Qg5
15. Qxg5 Rxg5 16. Rg1 Rh5 17. d5 c5 18. Rae1 Rh6 19. f4 Na6 20. Re3 Rf8 21. Rge1
Nc7 22. Bc2 a6 23. a4 a5 24. Rg3 Rff6 25. Rb1 Na8 26. Rd3 Rf7 27. dxe6 Rxe6 28.
Rbd1 Ree7 29. Rd5 g6 30. R1d2 Kf8 31. Rd6 Ke8 32. Kg2 Re6 33. Rxe6+ dxe6 34. Re2
Nc7 35. h4 Re7 36. Rd2 Rd7 37. Rxd7 Kxd7 38. Bd1 Ne8 39. Bf3 Nf6 40. Kg3 Kd6 41.
Bg2 e5 42. fxe5+ Kxe5 43. Kf3 Ne4 44. Ke3 Nxc3 45. Kf3 Nxa4 46. Ke3 Nb2 47. Bf1
a4 48. Kd2 Kd4 49. Kc2 Nxc4 50. Bxc4 Kxc4 51. Kb2 b5 52. Ka3 Kc3 53. f3 Kc2 54.
f4 c4 55. Kb4 Kb2 56. Kxb5 c3 57. Kb4 a3 58. Ka4 a2 59. Kb4 c2 {White resigns}
0-1